 Dungeon Crawl Stone Soup version 0.20.0-8-g6b59dc7 (webtiles) character file.

9193 Monsterracer the Cleaver (level 11, -6/97 HPs)
             Began as a Hill Orc Monk on May 30, 2017.
             Was an Elder of Beogh.
             Hit by a javelin of penetration thrown by Urug (9 damage)
             ... on level 10 of the Dungeon.
             The game lasted 00:23:35 (11573 turns).

Monsterracer the Cleaver (Hill Orc Monk)           Turns: 11573, Time: 00:23:36

Health: -6/97      AC: 19    Str: 14 (15) XL:     11   Next: 42%
Magic:  16/16      EV: 15    Int:  8 (10) God:    Beogh [****..]
Gold:   640        SH:  0    Dex: 18 (20) Spells: 7/10 levels left

rFire    . . .     SeeInvis .   C - +1 war axe (venom)
rCold    . . .     Gourm    .   (no shield)
rNeg     . . .     Faith    .   o - +3 ring mail
rPois    +         Spirit   .   k - +2 hat
rElec    .         Reflect  .   e - +2 cloak
rCorr    .         Harm     .   A - +1 pair of gloves {archery}
MR       .....                  m - +1 pair of boots
Stlth    +.........             (no amulet)
Regen    0.3/turn               y - +4 ring of dexterity
MPRegen  0.2/turn               B - ring of poison resistance

@: no status effects
A: antennae 1, hooves 1
a: Smiting, Recall Orcish Followers, Renounce Religion


You were on level 10 of the Dungeon.
You worshipped Beogh.
Beogh was greatly pleased with you.
You were very hungry.

You visited 1 branch of the dungeon, and saw 10 of its levels.
You also visited: Bailey.

You collected 640 gold pieces.

Inventory:

Hand Weapons
 z - a +3 dire flail
 C - a +1 war axe of venom (weapon)
Armour
 e - a +2 cloak (worn)
 k - a +2 hat (worn)
 m - a +1 pair of boots (worn)
 o - a +3 ring mail (worn)
 s - the +1 ring mail "Xaniuv" {rPois rF- rCorr SInv}
   (You found it on level 9 of the Dungeon)

   It makes you vulnerable to fire.
   It protects you from poison.
   It lets you see invisible.
   It protects you from acid and corrosion.
 w - the +0 helmet of Servitude {rC+}
   (You found it in a bailey)

   It protects you from cold.
 A - a +1 pair of gloves of archery (worn)
 E - a +0 plate armour
Jewellery
 y - a +4 ring of dexterity (left hand)
 B - a ring of poison resistance (right hand)
 D - a +6 ring of strength
Wands
 r - a wand of acid (7/15)
 u - a wand of iceblast (6/15)
 x - a wand of digging (16/24)
Scrolls
 a - a scroll of recharging
 b - 2 scrolls of remove curse
 d - 10 scrolls of identify
 h - 3 scrolls of magic mapping
 q - a scroll of fear
 t - 3 scrolls of teleportation
Potions
 g - 3 potions of heal wounds
 i - 10 potions of curing
 l - a potion of might
 p - 3 potions of mutation
 v - a potion of haste
Comestibles
 c - 9 bread rations
 f - 6 royal jellies
 j - 2 fruits
 n - a meat ration


   Skills:
 + Level 9.1 Fighting
 * Level 14.6 Axes
 + Level 7.4 Armour
 + Level 6.4 Dodging
 - Level 1.5 Stealth
 + Level 7.2 Invocations


You had 7 spell levels left.
You knew the following spells:

 Your Spells              Type           Power        Failure   Level  Hunger
a - Conjure Flame         Conj/Fire      #.......     94%         3    ####...


Dungeon Overview and Level Annotations

Branches:
Dungeon (10/15)            Temple (0/1) D:6             Orc (0/2) D:9
   Lair: D:8-11

Altars:
Cheibriados
Kikubaaqudgha
Makhleb
Nemelex Xobeh
Okawaru
Qazlal
Vehumet
Yredelemnul
The Shining One

Annotations:
D:10 Urug


Innate Abilities, Weirdness & Mutations

You have a pair of small antennae on your head.
You have large cloven feet.


Message History

Urug is severely wounded.
You closely miss Urug.
Urug is severely wounded.
Urug adjusts her eyepatch.
Urug hits you with a halberd of freezing!
* * * LOW HITPOINT WARNING * * *
Urug freezes you.
* * * LOW HITPOINT WARNING * * *
You swap places.
Your orc warrior barely misses Urug.
Gorm completely misses Urug.
Urug hits you from afar with a halberd of freezing.
* * * LOW HITPOINT WARNING * * *
Urug freezes you.
* * * LOW HITPOINT WARNING * * *
Gorm closely misses Urug.
Your orc warrior closely misses Urug.
Urug throws a javelin of penetration.
The javelin of penetration barely misses your orc warrior.
The javelin of penetration pierces through you!
You die...
Beogh appreciates Urug's killing of a heretic priest.

#....####....P.P####
#....####...P..P# #
#..............P# #
#...............##+#
#..(..........PP.P.P
###(..........PPP...
#)..........PPPP.P
#.............P.P.
#@................
#.......#######.#.
#o......# ...
#oo.....# #.
#.......# #########


You could see Urug, the friendly Gorm the orc knight and a friendly orc warrior.

Vanquished Creatures
  A two-headed ogre (D:9)
  An unseen horror (D:10)
  A centaur zombie (D:10)
  A troll (D:9)
  A hippogriff (D:10)
  A human (D:9)
  8 yaks
  3 hogs (D:9)
  A hungry ghost (D:7)
  A water moccasin (D:8)
  A sky beast (D:6)
  An ice beast (D:9)
  4 black bears
  2 phantoms (D:5)
  3 orc warriors
  6 ogres
  9 centaurs
  A gnoll sergeant (D:8)
  2 wyvern zombies
  2 bullfrogs
  4 killer bees (D:10)
  2 scorpions (D:5)
  13 wights
  3 howler monkeys
  2 vampire bats (D:5)
  7 crimson imps
  A bullfrog zombie (D:8)
  6 hounds
  3 quasits
  3 jellies
  Crazy Yiuf (D:3)
  A bullfrog skeleton (D:7)
  2 orc wizards
  Natasha (thrice) (D:2 D:4)
  Terence (D:2)
  4 worker ants
  A hound skeleton (D:7)
  Robin (D:4)
  14 gnolls
  14 adders
  2 shadow imps
  An ooze (D:3)
  An adder zombie (D:6)
  2 adder skeletons
  3 worms
  3 dart slugs
  11 leopard geckos
  12 orcs
  A ball python (D:2)
  A bat skeleton (D:5)
  4 bat zombies (D:5)
  7 giant cockroaches
  22 goblins
  13 hobgoblins
  10 jackals
  9 kobolds
  3 quokkas
  11 bats
  2 frilled lizards
  6 rats
  2 fungi (D:10)
262 creatures vanquished.

Vanquished Creatures (collateral kills)
  A centaur zombie (D:10)
  An orc wizard (D:9)
  A hungry ghost (D:8)
  A porcupine (D:10)
  A water moccasin (D:9)
  An orc warrior (Bailey)
  2 bullfrogs
  A wyvern zombie (D:10)
  2 killer bees (D:10)
  2 crimson imps
  2 adders
  4 orcs (Bailey)
  A goblin (D:9)
  3 fungi (D:10)
  A plant (D:10)
24 creatures vanquished.

Vanquished Creatures (others)
  An orc warrior (Bailey)
  4 orc wizards
  3 orc priests
  13 orcs
  A plant (D:9)
22 creatures vanquished.

Grand Total: 308 creatures vanquished

Notes
Turn   | Place    | Note
-------+----------+-------------------------------------------
     0 | D:1      | Monsterracer the Hill Orc Monk began the quest for the Orb.
     0 | D:1      | Reached XP level 1. HP: 19/19 MP: 1/1
   104 | D:1      | Reached XP level 2. HP: 15/26 MP: 2/2
   412 | D:1      | Reached skill level 5 in Axes
   668 | D:1      | Reached XP level 3. HP: 27/31 MP: 3/3
  1392 | D:2      | Reached skill level 6 in Axes
  1453 | D:2      | Noticed Natasha
  1470 | D:2      | Killed Natasha
  1470 | D:2      | Reached XP level 4. HP: 6/39 MP: 4/4
  1830 | D:2      | Gained mutation: You have a pair of small antennae on your head. [potion of mutation]
  1830 | D:2      | Gained mutation: You have large cloven feet. [potion of mutation]
  1943 | D:2      | Reached skill level 7 in Axes
  2224 | D:2      | Noticed Terence
  2250 | D:2      | Killed Terence
  2250 | D:2      | Reached XP level 5. HP: 31/45 MP: 5/5
  2512 | D:3      | Reached skill level 8 in Axes
  2864 | D:3      | Reached XP level 6. HP: 48/51 MP: 6/6
  3138 | D:3      | Found a runed door.
  3282 | D:3      | Noticed Crazy Yiuf
  3290 | D:3      | Killed Crazy Yiuf
  3470 | D:4      | Reached skill level 1 in Armour
  3474 | D:4      | Reached skill level 9 in Axes
  3476 | D:4      | Noticed Natasha
  3696 | D:4      | Killed Natasha
  3696 | D:4      | Reached XP level 7. HP: 58/59 MP: 7/7
  3756 | D:4      | Noticed Robin
  3788 | D:4      | Killed Robin
  3982 | D:4      | Noticed Natasha
  3988 | D:4      | Killed Natasha
  4441 | D:5      | Entered Level 5 of the Dungeon
  4508 | D:5      | Found an ancient bone altar of Kikubaaqudgha.
  4711 | D:5      | Reached skill level 5 in Fighting
  4711 | D:5      | Reached skill level 10 in Axes
  4726 | D:5      | Reached XP level 8. HP: 57/68 MP: 8/8
  5030 | D:5      | Found a basalt altar of Yredelemnul.
  5281 | D:5      | Found a radiant altar of Vehumet.
  5392 | D:5      | Found a stormy altar of Qazlal.
  5402 | D:5      | Noticed a water elemental
  5405 | D:5      | Noticed an air elemental
  5709 | D:6      | Reached skill level 11 in Axes
  5765 | D:6      | Noticed Blork the orc
  5768 | D:6      | Became a worshipper of Beogh the Brigand
  5768 | D:6      | Reached * piety under Beogh
  5768 | D:6      | Reached ** piety under Beogh
  6049 | D:6      | Reached skill level 1 in Invocations
  6180 | D:6      | Reached XP level 9. HP: 66/75 MP: 10/10
  6187 | D:6      | Found a staircase to the Ecumenical Temple.
  6877 | D:7      | Found a snail-covered altar of Cheibriados.
  6878 | D:7      | Found a sparkling altar of Nemelex Xobeh.
  6879 | D:7      | Found a glowing golden altar of the Shining One.
  6880 | D:7      | Found an iron altar of Okawaru.
  6881 | D:7      | Found a burning altar of Makhleb.
  6882 | D:7      | Found a stormy altar of Qazlal.
  7202 | D:7      | Reached skill level 12 in Axes
  7359 | D:7      | Reached skill level 5 in Armour
  7768 | D:8      | Reached skill level 5 in Dodging
  7822 | D:8      | Reached *** piety under Beogh
  7930 | D:8      | Learned a level 3 spell: Conjure Flame
  7993 | D:8      | Reached XP level 10. HP: 73/86 MP: 13/13
  8331 | D:9      | Reached skill level 13 in Axes
  8338 | D:9      | Found a flagged portal.
  8401 | Bailey   | Entered a bailey
  8591 | Bailey   | Noticed an orc knight
  8622 | Bailey   | Got a twisted helmet
  8682 | Bailey   | Identified the +0 helmet of Servitude {rC+} (You found it in a bailey)
  8716 | Bailey   | Reached skill level 5 in Invocations
  9512 | D:9      | Noticed a two-headed ogre
  9525 | D:9      | Killed a two-headed ogre
  9808 | D:9      | Found a staircase to the Orcish Mines.
 10005 | D:9      | Reached **** piety under Beogh
 10180 | D:9      | Got a jewelled ring mail
 10194 | D:9      | Identified the cursed +1 ring mail "Xaniuv" {rPois rF- rCorr SInv} (You found it on level 9 of the Dungeon)
 10270 | D:9      | Reached skill level 14 in Axes
 10279 | D:9      | Reached XP level 11. HP: 70/95 MP: 15/15
 10774 | D:10     | Entered Level 10 of the Dungeon
 10863 | D:10     | Gained Gorm as an ally
 11326 | D:10     | Killed an unseen horror
 11554 | D:10     | Noticed Urug
 11572 | D:10     | HP: 3/97 [Urug/halberd of freezing (5)]
 11573 | D:10     | Hit by a javelin of penetration thrown by Urug

Skill      XL: |  1  2  3  4  5  6  7  8  9 10 11 |
---------------+----------------------------------+-----
Axes           | 5 6 7 8 9 10 11 12 14 | 14.6
Armour         | 1 2 4 5 6 7 |  7.4
Fighting       | 4 5 6 7 8 9 |  9.1
Dodging        | 3 4 5 6 |  6.4
Invocations    | 1 4 6 7 |  7.2
Stealth        | |  1.5

Action                   |  1- 3 |  4- 6 |  7- 9 | 10-12 || total
-------------------------+-------+-------+-------+-------++-------
Melee: Hand axe          |   141 |    12 |       |       ||   153
       War axe           |       |   160 |   467 |   347 ||   974
       Kick              |       |    30 |    35 |       ||    65
Invok: Convert to Beogh  |       |       |     1 |       ||     1
       Smiting           |       |       |       |     1 ||     1
       Recall Orcish Fol |       |       |       |     2 ||     2
Evoke: Wand              |       |       |       |     1 ||     1
  Use: Potion            |     3 |     3 |     4 |     1 ||    11
       Scroll            |       |     4 |     3 |     8 ||    15
 Stab: Sleeping          |     3 |       |       |       ||     3
       Invisible         |       |     1 |       |       ||     1
       Distracted        |       |       |       |     1 ||     1
  Eat: Chunk             |     2 |     7 |    14 |    10 ||    33
       Royal jelly       |       |       |     1 |     1 ||     2
Armor: Robe              |    15 |       |       |       ||    15
       Ring mail         |    25 |    44 |   153 |   157 ||   379
       Scale mail        |       |    30 |    67 |       ||    97
Dodge: Dodged            |   100 |   108 |   268 |   264 ||   740
